 Dungeon Crawl Stone Soup version 0.31-a0-1082-g7d1fb776a8 (webtiles) character file.

Game seed: 17502402129371096207

21 Descartes the Changeling (level 2, 0/12 HPs)
             Began as a Felid Shapeshifter on Nov 27, 2023.
             Slain by an adder (2 damage)
             ... on level 2 of the Dungeon.
             The game lasted 00:02:26 (1426 turns).

Descartes the Changeling (Felid Shapeshifter)       Turns: 1426, Time: 00:02:27

Health: 0/12       AC:  1    Str: 10    XL:     2   Next: 62%
Magic:  3/3        EV: 17    Int: 11    God:
Gold:   123        SH:  0    Dex: 15    Spells: 1/1 levels left
                                        Lives:  0   Deaths: 1

rFire   . .          .
                       - Unarmed
rCold   . . .        (shield unavailable)
rNeg    . . .        (body armour unavailable)
rPois   .            (helmet unavailable)
rElec   .            (cloak unavailable)
rCorr   .            (gloves unavailable)
SInv    +            (boots unavailable)
Will    .....        (no amulet)
Stlth   +            (no ring)
HPRegen 0.22/turn    (no ring)
MPRegen 0.08/turn

%: no passive effects
@: lethally poisoned (0 -> -1), beast-form, quick
A: beast (slay +2), very small, claws 1, fangs 3, see invisible, speed 1, shaggy
fur 1, stealthy paws, no weapons or thrown items, no armour, multi-lived
a: Begin Untransformation


You were on level 2 of the Dungeon.
You were a hulking beast.
You visited 1 branch of the dungeon, and saw 2 of its levels.

You collected 123 gold pieces.

Inventory:

Talismans
 b - a beast talisman
 c - a flux talisman
Scrolls
 e - a scroll of teleportation {unknown}
 j - a scroll of summoning {unknown}
 k - a scroll of identify {unknown}
Potions
 a - 2 potions of lignification
 d - a potion of curing {unknown}
 f - a potion of invisibility {unknown}
 g - 2 potions of might {unknown}
 h - a potion of mutation {unknown}
 i - a potion of heal wounds {unknown}


   Skills:
 - Level 1.0 Fighting
 + Level 3.1 Dodging
 - Level 3.0 Unarmed Combat
 + Level 4.0 Shapeshifting


You had one spell level left.
You didn't know any spells.
Your spell library contained the following spells:

 Spells                   Type           Power      Damage    Failure   Level
 Brom's Barrelling Bould  Conj/Erth      0%         2d3       98%         4
 Fireball                 Conj/Fire      0%         3d3       100%        5
 Iskenderun's Battlesphe  Conj           0%         2d6       100%        5
 Conjure Ball Lightning   Conj/Air       0%         3x3d6     100%        6
 Orb of Destruction       Conj           0%         9d5       100%        7


Dungeon Overview and Level Annotations

Branches:
Dungeon (2/15)

Altars:
Dithmenos

Annotations:
D:1 Terence
D:2 Sigmund


Innate Abilities, Weirdness & Mutations

You are a hulking beast.
Your limbs bulge with bestial killing power. (Slay +2)
You have sharp claws.
You have razor-sharp teeth.
You have supernaturally acute eyesight. (SInv)
You cover ground quickly. (Speed+)
You are covered in fur. (AC +1)
Your paws help you pounce on unaware monsters.
You are incapable of wielding weapons or throwing items.
You cannot wear armour.
You gain extra lives every three experience levels.


Message History

No target in view!
No target in view!
No target in view!
No target in view!
You see here a rat corpse.
An adder comes into view.
The adder hisses angrily.
Found a scroll labelled FIANONUFAD.
The adder completely misses you.
You closely miss the adder. Your claw misses the adder.
Your bite misses the adder. The adder closely misses you.
You miss the adder. The adder bites you. The adder closely misses you.
You barely miss the adder. The adder misses you.
You scratch the adder.
The adder is moderately wounded.
The adder bites you.
You are poisoned.
The adder poisons you!
You closely miss the adder.
The adder is moderately wounded.
You feel sick. The adder bites you but does no damage.
You claw the adder! Your bite misses the adder.
The adder is almost dead.
You feel sick. The adder bites you. The adder misses you.
You are too injured to fight recklessly!
You are too injured to fight recklessly!
You are too injured to fight recklessly!
You are too injured to fight recklessly!
You are too injured to fight recklessly!
You are too injured to fight recklessly!
An adder is nearby!
You barely miss the adder.
The adder is almost dead.
* * * LOW HITPOINT WARNING * * *
You feel sick. The adder misses you.
You barely miss the adder.
The adder is almost dead.
* * * LOW HITPOINT WARNING * * *
You feel sick. The adder bites you.
You die...

##......#.......)..# #.#
##.####.#..#######.# #.#
##.## #.#..# #†# #.#
#...# #.#..#######.# #.#
#...# #.#..#.......# #.#
....# #.#..#.#########.#
#...# #.#..............#
#...# #.#.##.###########
#######.#.......hS...?..
........#.#.############
#########........#
#.#.####.# #.#.# #.#
#.#.# #.# #.#.# #.#
#.#.# #.# #.#.####.#


You could see an adder.

Vanquished Creatures
  A ball python (D:1)
  2 bats (D:1)
  An endoplasm (D:1)
  2 giant cockroaches (D:2)
  5 goblins
  2 kobolds
  A quokka (D:1)
  3 rats
17 creatures vanquished.

Notes
Turn   | Place    | Note
-------+----------+-------------------------------------------
     0 | D:1      | Descartes the Felid Shapeshifter began the quest for the
                  | Orb.
     0 | D:1      | Reached XP level 1. HP: 9/9 MP: 2/2
   121 | D:1      | Reached XP level 2. HP: 12/12 MP: 3/3
   586 | D:1      | Reached skill level 4 in Shapeshifting
   821 | D:2      | Found a shadowy altar of Dithmenos.
  1061 | D:2      | Noticed Terence
  1064 | D:2      | Noticed Sigmund
  1156 | D:1      | Slain by Terence
  1426 | D:2      | Slain by an adder

Illustrated notes

Levels and vault maps discovered:
D:1:      dpeg_arrival_three_same_balls, layout_basic
D:2:      layout_basic, basic_altar, minmay_hedge_maze, uniq_terence,
          uniq_sigmund

Skill      XL: |  1  2 |
---------------+-------+-----
Shapeshifting  | 4 |  4.0
Dodging        | 3 |  3.1
Fighting       | |  1.0
Unarmed Combat | |  3.0

Action                     || total
---------------------------++-------
  Melee: Unarmed           ||    60
         Bite              ||     8
         Punch             ||     1
    Use: Potion            ||     1
 Armour: Skin              ||    21
  Dodge: Dodged            ||    55

Table legend: (Time is in decaauts)
 A = Elapsed time spent in this place.
 B = Non-inter-level travel time spent in this place.
 C = Inter-level travel time spent in this place.
 D = Time resting spent in this place.
 E = Time spent auto-exploring this place.
 F = Levels seen in this place.
 G = Mean time per level.
                   A        B        C        D        E       F      G
               +--------+--------+--------+--------+--------+-----+--------+
         Total |   1171 |   1102 |     69 |      0 |    857 |   2 |  585.5 |
       Dungeon |   1171 |   1102 |     69 |      0 |    857 |   2 |  585.5 |
               +--------+--------+--------+--------+--------+-----+--------+

Top non-repeatable levels by time:
     D:1: 809 daAuts
     D:2: 362 daAuts
